 Dungeon Crawl Stone Soup version 0.31-a0-355-g57cb03d3e8 (webtiles) character file.

Game seed: 17118050900414208483

25 Newt the Trooper (level 3, 0/30 HPs)
             Began as a Merfolk Fighter on July 24, 2023.
             Slain by an adder (3 damage)
             ... on level 2 of the Dungeon.
             The game lasted 00:01:04 (1214 turns).

Newt the Trooper (Merfolk Fighter)                  Turns: 1214, Time: 00:01:04

Health: 0/30       AC:  3    Str: 16    XL:     3   Next: 4%
Magic:  3/3        EV:  9    Int:  7    God:
Gold:   46         SH:  5    Dex: 15    Spells: 2/2 levels left

rFire   . . .        a - +0 long sword
rCold   . . .        c - +0 buckler
rNeg    + . .        b - +0 scale mail
rPois   +            (no helmet)
rElec   .            (no cloak)
rCorr   .            (no gloves)
SInv    .            (no boots)
Will    .....        (no amulet) Stlth
                     l - ring of positive energy
HPRegen 0.25/turn    g - ring of poison resistance
MPRegen 0.08/turn

%: random rage (3%)
@: lethally poisoned (0 -> -7)
A: (nimble swimmer 2), mertail, berserk 1, deformed body, wild magic 1
a: no special abilities


You were on level 2 of the Dungeon.
You visited 1 branch of the dungeon, and saw 2 of its levels.

You collected 46 gold pieces.

Inventory:

Hand Weapons
 a - a +0 long sword (weapon)
Missiles
 e - 7 poisoned darts (quivered)
Armour
 b - a +0 scale mail (worn)
 c - a +0 buckler (worn)
Jewellery
 g - a ring of poison resistance (right hand)
 h - a ring of magical power
 i - a ring of fire
 l - a ring of positive energy (left hand)
Wands
 m - a wand of charming (12)
Scrolls
 j - a scroll of noise {unknown}
 k - a scroll of revelation {unknown}
 n - a scroll of immolation {unknown}
Potions
 d - a potion of might


   Skills:
 - Level 4.0 Fighting
 - Level 2.4 Long Blades
 - Level 2.1 Armour
 + Level 2.3 Dodging
 - Level 3.0 Shields


You had 2 spell levels left.
You didn't know any spells.
Your spell library contained the following spells:

 Spells                   Type           Power      Damage    Failure   Level
 Cigotuvi's Dreadful Rot  Necr/Pois/Air  0%         N/A       98%         2
 Ensorcelled Hibernation  Hex/Ice        0%         N/A       98%         2
 Vampiric Draining        Necr           0%         2d6       100%        3
 Anguish                  Hex/Necr       0%         N/A       100%        4
 Borgnjor's Revivificati  Necr           0%         N/A       100%        8


Dungeon Overview and Level Annotations

Branches:
Dungeon (2/15)

Altars:


Innate Abilities, Weirdness & Mutations

((You are very nimble when in or above water. (Stealth+, EV+, Speed+++)))
Your lower body shifts to a powerful aquatic tail in water.
You sometimes lose your temper in combat.
Armour fits poorly on your strangely shaped body.
Your spells are a little harder to cast, but a little more powerful.


Message History

The adder bites you but does no damage. The kobold hits you but does no damage.
You hit the adder but do no damage.
The adder is lightly wounded.
The adder bites you but does no damage. The adder bites you.
You are poisoned.
The adder poisons you! The adder closely misses you.
The kobold hits you but does no damage. The adder bites you but does no damage.
You hit the adder.
The adder is heavily wounded.
You feel sick. The adder bites you. x2
You are more poisoned.
The adder poisons you! The kobold hits you but does no damage.
The adder barely misses you. x2
You barely miss the adder.
The adder is heavily wounded.
You feel very sick. The kobold barely misses you. The adder closely misses you.
You block the adder's attack. The kobold hits you but does no damage.
You barely miss the adder.
The adder is heavily wounded.
You feel sick. The adder bites you.
You are more poisoned.
The adder poisons you! The adder bites you.
You are lethally poisoned!
The adder poisons you! The adder bites you but does no damage.
You block the kobold's attack. The adder barely misses you.
An endoplasm comes into view.
The adder attacks as you move away! The adder misses you.
The kobold attacks as you move away! The kobold hits you but does no damage.
You feel very sick. The adder attacks as you move away! The adder bites you.
* * * LOW HITPOINT WARNING * * *
x2 You feel very sick.
The adder barely misses you. The adder closely misses you.
It was a potion of mutation.
You feel extremely strange.
You feel a little pissed off.
You feel less in control of your magic.
Your body twists and deforms.
* * * LOW HITPOINT WARNING * * *
You feel sick. The adder bites you.
You die...

........#~~...~.⌠~..~..~
........#~~..~..~⌠.~...~
........#~~..~..~..~.J~~
........##~...~~..~..~~~
......... #.......~..~.#
......... #........~~..#
......<...#.....K......#
.........#.....SS.).....
..#.....########@.######
######### #..## ##.##
##############>.#
#..............##
..############## .## ##


You could see 2 adders, an endoplasm and a kobold.

Vanquished Creatures
  A dart slug (D:1)
  2 endoplasms (D:1)
  3 goblins (D:1)
  A hobgoblin (D:1)
  A kobold (D:1)
  2 quokkas (D:1)
  2 ball pythons
  3 bats
  5 frilled lizards (D:1)
  3 rats (D:1)
23 creatures vanquished.

Notes
Turn   | Place    | Note
-------+----------+-------------------------------------------
     0 | D:1      | Newt the Merfolk Fighter began the quest for the Orb.
     0 | D:1      | Reached XP level 1. HP: 18/18 MP: 1/1
   177 | D:1      | Found a faded altar of an unknown god.
   230 | D:1      | Reached XP level 2. HP: 25/25 MP: 2/2
   253 | D:1      | Reached skill level 4 in Fighting
   445 | D:1      | Reached skill level 1 in Dodging
   795 | D:1      | Reached XP level 3. HP: 30/30 MP: 3/3
  1116 | D:2      | Got Jorodim's Catalogue of the Mausoleum
  1214 | D:2      | Gained mutation: You sometimes lose your temper in combat.
                  | [potion of mutation]
  1214 | D:2      | Gained mutation: Your spells are a little harder to cast,
                  | but a little more powerful. [potion of mutation]
  1214 | D:2      | Gained mutation: Armour fits poorly on your strangely
                  | shaped body. [potion of mutation]
  1214 | D:2      | Slain by an adder

Illustrated notes

Levels and vault maps discovered:
D:1:      mrwooster_arrival_statue_3, layout_basic,
          dreamdust_ecumenical_altar_angels_and_demons, minmay_liquid_box
D:2:      cheibrodos_helix_gallery, layout_rooms, minmay_hedge_maze

Skill      XL: |  1  2 |
---------------+-------+-----
Fighting       | 4 |  4.0
Dodging        | 2 |  2.3
Long Blades    | |  2.4
Armour         | |  2.1
Shields        | |  3.0

Action                     || total
---------------------------++-------
  Melee: Long sword        ||    88
    Use: Potion            ||     1
 Armour: Scale mail        ||    55
  Dodge: Dodged            ||    57
  Block: Buckler           ||    23

Table legend: (Time is in decaauts)
 A = Elapsed time spent in this place.
 B = Non-inter-level travel time spent in this place.
 C = Inter-level travel time spent in this place.
 D = Time resting spent in this place.
 E = Time spent auto-exploring this place.
 F = Levels seen in this place.
 G = Mean time per level.
                   A        B        C        D        E       F      G
               +--------+--------+--------+--------+--------+-----+--------+
         Total |   1239 |   1209 |     30 |    145 |    859 |   2 |  619.5 |
       Dungeon |   1239 |   1209 |     30 |    145 |    859 |   2 |  619.5 |
               +--------+--------+--------+--------+--------+-----+--------+

Top non-repeatable levels by time:
     D:1: 1009 daAuts
     D:2: 230 daAuts
